 Dungeon Crawl Stone Soup version 0.26-a0-1205-g4083c211ab (webtiles) character file.

Game seed: 6988668326199922

67 CurlyBrace the Sneak (level 3, -3/17 HPs)
             Began as a Felid Delver on Dec 29, 2020.
             Slain by an orc
             ... wielding a +0 short sword
              (4 damage)
             ... on level 7 of the Dungeon.
             The game lasted 00:00:38 (45 turns).

CurlyBrace the Sneak (Felid Delver)                   Turns: 45, Time: 00:00:39

Health: -3/17      AC:  1    Str:  8    XL:     3   Next: 98%
Magic:  4/4        EV: 18    Int: 12    God:
Gold:   0          SH:  0    Dex: 17    Spells: 2/2 levels left
                                        Lives:  0   Deaths: 0

rFire    . . .     SeeInvis +     - Unarmed
rCold    . . .     Faith    .   (shield unavailable)
rNeg     . . .     Spirit   .   (armour unavailable)
rPois    .         Reflect  .   (helmet unavailable)
rElec    .         Harm     .   (cloak unavailable)
rCorr    .         Rampage  .   (gloves unavailable)
Will     .....                  (boots unavailable)
Stlth    ++........             (no amulet)
HPRegen  0.05/turn              (no ring)
MPRegen  0.09/turn              (no ring)

@: confused, quick
A: very small, no armour, no weapons or thrown items, stealth, claws 1, fangs 3,
see invisible, speed 1, shaggy fur 1, sharp paws
a: no special abilities


You were on level 7 of the Dungeon.
You visited 1 branch of the dungeon, and saw 3 of its levels.

Inventory:

Wands
 v - a wand of digging (3)
Scrolls
 a - a scroll of fog
 c - a scroll of fear
Potions
 h - a potion of haste


   Skills:
 * Level 3.3 Fighting
 + Level 3.3 Dodging
 - Level 7.0 Stealth
 * Level 3.3 Unarmed Combat


You had 2 spell levels left.
You didn't know any spells.
Your spell library was empty.

Dungeon Overview and Level Annotations

Branches:
Dungeon (7/15)             Temple (0/1) D:7

Altars:


Innate Abilities, Weirdness & Mutations

You cannot wear armour.
You are incapable of wielding weapons or throwing items.
Your paws allow you to move quietly. (Stealth)
You have sharp claws.
You have razor-sharp teeth.
You have supernaturally acute eyesight. (SInv)
You cover ground quickly.
You are covered in fur. (AC +1)
Your sharp claws are effective at attacking unaware monsters.


Message History

The orc wizard shouts!
The orc shouts! x2
The orc hits you but does no damage.
A black bear comes into view.
The orc closely misses you.
The orc wizard gestures at you while chanting.
You are confused.
The orc hits you with a +0 flail!
* * * LOW HITPOINT WARNING * * *
Found 15 stones.
The black bear growls angrily.
You claw the orc!
You kill the orc!
Okay, then.
You're too confused to move!
The orc hits you with a +0 short sword.
* * * LOW HITPOINT WARNING * * *
You're too confused to move!
The orc wizard hits you with a +0 dagger.
* * * LOW HITPOINT WARNING * * *
The orc hits you with a +0 short sword.
You die...

,,,,,,*,,* #####.###
,,,,,,,,** #.†.# ,,,,,,,**
######.#.#####* ,,,,,,***
##.............* ,,,,,,,,**
#..#.#.#.#.#...*
,****,*,,###..........(...*
,,,,,,,,,.....#..))...#.##*
,,***,***###....oo......#
,,,,,,*****#..#.@.h...#.#
***,,,,,,...............#*
****,****##..(#.......#..*
,* *,* ###............**
,***,******#..#.#.#.#.#..,*
,,*,,,,,,,.........(.....,*
*,,,,,,,,......####.##...,*
,**,,,,,,...###* *..,..,**
,**,,,,,,,,,* *,,*,,,*


You could see a black bear, an orc wizard and an orc.

Vanquished Creatures
  A bullfrog (D:7)
  2 orcs (D:7)
3 creatures vanquished.

Notes
Turn   | Place    | Note
-------+----------+-------------------------------------------
     0 | D:5      | CurlyBrace the Felid Delver began the quest for the Orb.
     0 | D:5      | Reached XP level 1. HP: 10/10 MP: 2/2
     4 | D:6      | Noticed a quasit
     8 | D:7      | Noticed a bullfrog
    17 | D:7      | Killed a bullfrog
    18 | D:7      | Reached skill level 7 in Stealth
    18 | D:7      | Reached XP level 2. HP: 10/14 MP: 3/3
    18 | D:7      | Reached XP level 3. HP: 12/17 MP: 4/4
    34 | D:7      | Found a staircase to the Ecumenical Temple.
    40 | D:7      | Noticed a black bear
    45 | D:7      | Slain by an orc

Illustrated notes

Levels and vault maps discovered:
D:5:      layout_loops_ring, lemuel_crystal_altar, nzn_hepliaklqana_mist_gate,
          portal_sewer_entry_d, serial_shops, nicolae_shop_statue_plus,
          nicolae_shop_waterfront, kennysheep_generic_room_7
D:6:      layout_loops_ring, uniq_sigmund
D:7:      layout_rooms, minmay_temple_entry_glass, hangedman_glass_teeth,
          st_stairs_8

Skill      XL: |  1 |
---------------+----+-----
Dodging        | 3 |  3.3
Stealth        | 7 |  7.0
Unarmed Combat | 3 |  3.3
Fighting       | |  3.3

Action                   || total
-------------------------++-------
Melee: Unarmed           ||     5
  Use: Scroll            ||     1
 Stab: Sleeping          ||     2
Dodge: Dodged            ||     3

Table legend: (Time is in decaauts)
 A = Elapsed time spent in this place.
 B = Non-inter-level travel time spent in this place.
 C = Inter-level travel time spent in this place.
 D = Time resting spent in this place.
 E = Time spent auto-exploring this place.
 F = Levels seen in this place.
 G = Mean time per level.
                   A        B        C        D        E       F      G
               +--------+--------+--------+--------+--------+-----+--------+
         Total |     37 |     37 |      0 |      0 |      0 |   3 |   12.3 |
       Dungeon |     37 |     37 |      0 |      0 |      0 |   3 |   12.3 |
               +--------+--------+--------+--------+--------+-----+--------+

Top non-repeatable levels by time:
     D:7: 30 daAuts
     D:6: 5 daAuts
     D:5: 1 daAuts
